 Dungeon Crawl Stone Soup version 0.28.0-45-g0d030f2227 (webtiles) character file.

Game seed: 5389349865870509395

1 Malificent the Vexing (level 1, -2/19 HPs)
             Began as an Ogre Arcane Marksman on Apr 23, 2022.
             Slain by a quokka (3 damage)
             ... on level 1 of the Dungeon.
             The game lasted 00:00:45 (151 turns).

Malificent the Vexing (Ogre Arcane Marksman)         Turns: 151, Time: 00:00:46

Health: -2/19      AC:  3    Str: 13    XL:     1   Next: 20%
Magic:  2/2        EV:  9    Int: 14    God:
Gold:   17         SH:  0    Dex:  9    Spells: 1/2 levels left

rFire   . . .      SeeInvis .   (no weapon)
rCold   . . .      Faith    .   (no shield)
rNeg    . . .      Spirit   .   a - +0 robe
rPois   .          Reflect  .   (helmet restricted)
rElec   .          Harm     .   (no cloak)
rCorr   .          Rampage  .   (gloves unavailable)
Will    .....                   (boots unavailable)
Stlth   +.........              (no amulet)
HPRegen 0.06/turn               (no ring)
MPRegen 0.08/turn               (no ring)

@: no status effects
A: large, unfitting armour, tough skin 1
a: no special abilities


You were on level 1 of the Dungeon.
You visited 1 branch of the dungeon, and saw 1 of its levels.

You collected 17 gold pieces.

Inventory:

Missiles
 b - a large rock (quivered)
 c - 2 throwing nets
Armour
 a - a +0 robe (worn)


   Skills:
 + Level 1.3 Fighting
 * Level 2.0 Throwing
 + Level 1.9 Dodging
 + Level 1.2 Spellcasting
 * Level 2.6 Hexes


You had one spell level left.
You knew the following spells:

 Your Spells              Type           Power      Damage    Failure   Level
a - Slow                  Hex            32%        N/A       9%          1

Your spell library contained the following spells:

 Spells                   Type           Power      Damage    Failure   Level
 Blink                    Tloc           0%         N/A       36%         2
 Inner Flame              Hex/Fire       4%         N/A       41%         3
 Portal Projectile        Hex/Tloc       8%         N/A       41%         3
 Lesser Beckoning         Tloc           0%         N/A       61%         3
 Cause Fear               Hex            4%         N/A       65%         4
 Manifold Assault         Tloc           0%         N/A       100%        5


Dungeon Overview and Level Annotations

Branches:
Dungeon (1/15)

Altars:


Innate Abilities, Weirdness & Mutations

You are too large for most types of armour.
You have tough skin. (AC +1)


Message History

A quokka comes into view.
Found a viscous black potion.
You closely miss the quokka.
The quokka twitches its whiskers.
The quokka barely misses you.
You hit the quokka but do no damage. The quokka bites you.
The quokka barely misses you.
You miss the quokka. The quokka bites you.
You hit the quokka but do no damage. The quokka bites you.
You completely miss the quokka. The quokka barely misses you.
You miss the quokka.
The quokka bites you but does no damage.
You hit the quokka but do no damage. The quokka barely misses you.
The quokka bites you.
You closely miss the quokka. The quokka barely misses you.
You barely miss the quokka. The quokka barely misses you.
You closely miss the quokka. The quokka bites you.
Throw: 4 large rocks
Press: ? - help, Q - select action, (/) - cycle Shift-Dir - straight line, f - quokka
Aim: a quokka (41% to hit)
You throw a large rock.
The large rock closely misses the quokka.
The quokka bites you.
* * * LOW HITPOINT WARNING * * *
The quokka bites you.
* * * LOW HITPOINT WARNING * * *
Throw: 3 large rocks
Press: ? - help, Q - select action, (/) - cycle Shift-Dir - straight line, f/p - quokka
Aim: a quokka (41% to hit)
You throw a large rock.
The large rock barely misses the quokka.
The quokka closely misses you.
The quokka bites you but does no damage. x2
Throw: 2 large rocks
Press: ? - help, Q - select action, (/) - cycle Shift-Dir - straight line, f/p - quokka
Aim: a quokka (41% to hit)
You throw a large rock. The large rock hits the quokka.
The quokka is severely wounded.
The quokka bites you.
You die...

.# #.# ##### ..#
#...# ..# #...# .!#
######...####..#
#........'....>#+#..
#.####...###........
#.# #...###@......#
#.# #.....+r......#
#.# ###.###....!..#
#.######.# #.......#
#........# #(......#
# #........#
######### ###
#........#
..###.######.#
...##.# #.#


You could see a quokka.

Vanquished Creatures
  An endoplasm (D:1)
1 creature vanquished.

Notes
Turn   | Place    | Note
-------+----------+-------------------------------------------
     0 | D:1      | Malificent the Ogre Arcane Marksman began the quest for the
                  | Orb.
     0 | D:1      | Reached XP level 1. HP: 19/19 MP: 2/2
   151 | D:1      | Slain by a quokka

Illustrated notes

Levels and vault maps discovered:
D:1:      minmay_arrival_wavy_path, layout_basic,
          dreamdust_ecumenical_altar_grove

Action                   || total
-------------------------++-------
Melee: Unarmed           ||    14
Throw: Large rock        ||     3
Armor: Robe              ||     4
Dodge: Dodged            ||     7
